 Dungeon Crawl Stone Soup version 0.28-a0-819-g6ef7baa362 (webtiles) character file.

Game seed: 12779275093182330262

4876 enfeo the Covert (level 10, -4/44 HPs)
             Began as a Spriggan Enchanter on Nov 8, 2021.
             Slain by a killer bee (6 damage)
             ... on level 8 of the Dungeon.
             The game lasted 00:22:32 (11961 turns).

enfeo the Covert (Spriggan Enchanter)              Turns: 11961, Time: 00:22:33

Health: -4/44      AC:  5    Str: 13    XL:     10   Next: 26%
Magic:  24/25      EV: 18    Int: 16    God:
Gold:   1288       SH:  0    Dex: 17    Spells: 22/30 levels left

rFire   . . .      SeeInvis +   o - +3 dagger (venom)
rCold   . . .      Faith    .   (shield restricted)
rNeg    . . .      Spirit   .   b - +0 robe
rPois   .          Reflect  .   (helmet restricted)
rElec   .          Harm     .   i - +0 cloak
rCorr   .          Rampage  .   (gloves unavailable)
Will    ++...                   (boots unavailable)
Stlth   +++++.....              C - amulet of magic regeneration
HPRegen 0.14/turn               q - ring of willpower
MPRegen 0.44/turn               r - +6 ring of strength

@: lethally poisoned (-4 -> -17), hasted, very quick
A: very small, no large weapons, unfitting armour, see invisible, speed 3,
iridescent scales 1
a: no special abilities


You were on level 8 of the Dungeon.
You visited 2 branches of the dungeon, and saw 10 of its levels.

You collected 1596 gold pieces.
You spent 308 gold pieces at shops.

Inventory:

Hand Weapons
 o - a +3 dagger of venom (weapon)
 w - a +0 short sword of holy wrath
 y - a +1 rapier of venom
Missiles
 d - a curare-tipped dart
 v - 2 throwing nets (quivered)
 A - 25 poisoned darts
Armour
 b - a +0 robe (worn)
 i - a +0 cloak (worn)
Jewellery
 q - a ring of willpower (left hand)
 r - a +6 ring of strength (right hand)
 C - an amulet of magic regeneration (around neck)
Wands
 k - a wand of digging (3)
 l - a wand of flame (30)
 s - a wand of acid (2)
 B - a wand of iceblast (1)
 E - a wand of polymorph (10)
Scrolls
 p - a scroll of magic mapping
 t - a scroll of teleportation
 x - 2 scrolls of amnesia
Potions
 e - a potion of magic
 h - a potion of attraction
 m - 5 potions of lignification
 u - 2 potions of flight
 z - a potion of resistance


   Skills:
 + Level 0.9 Fighting
 + Level 2.0 Short Blades
 + Level 3.4 Dodging
 + Level 13.1 Stealth
 + Level 10.9 Spellcasting
 + Level 11.2 Hexes


You had 22 spell levels left.
You knew the following spells:

 Your Spells              Type           Power      Damage    Failure   Level
a - Ensorcelled Hibernat  Hex/Ice        52%        N/A       1%          2
b - Tukima's Dance        Hex            44%        N/A       1%          3
c - Dazzling Flash        Conj/Hex       52%        N/A       2%          3

Your spell library contained the following spells:

 Spells                   Type           Power      Damage    Failure   Level
 Confusing Touch          Hex            44%        N/A       1%          3
 Animate Skeleton         Necr           16%        N/A       9%          1
 Apportation              Tloc           16%        N/A       9%          1
 Sandblast                Erth           16%        2d6       9%          1
 Summon Small Mammal      Summ           32%        N/A       9%          1
 Passwall                 Tmut/Erth      6%         N/A       13%         2
 Ozocubu's Armour         Ice            8%         N/A       26%         3
 Stone Arrow              Conj/Erth      16%        3d8       26%         3
 Ozocubu's Refrigeration  Ice            4%         4d5       100%        7


Dungeon Overview and Level Annotations

Branches:
Dungeon (9/15)             Temple (1/1) D:4            Lair (0/6) D:8
    Orc: D:9-12

Altars:
Ashenzari
Cheibriados
Elyvilon
Fedhas
Gozag
Hepliaklqana
Kikubaaqudgha
Makhleb
Nemelex Xobeh
Okawaru
Qazlal
Ru
Sif Muna
Trog
Uskayaw
Vehumet
Wu Jian
Xom
Yredelemnul
Zin
The Shining One

Shops:
D:1 :   D:3 (   D:8 *

Annotations:
D:5 2 transporters, paps's ghost, weakling OpDe


Innate Abilities, Weirdness & Mutations

You are very small and have problems with some larger weapons.
You are too small for most types of armour.
You have supernaturally acute eyesight. (SInv)
You cover ground extremely quickly. (Speed+++)
You are partially covered in iridescent scales. (AC +2)


Message History

You are poisoned.
The killer bee poisons you! The killer bee closely misses you.
The centaur shoots an arrow.
The arrow barely misses you.
There is a stone staircase leading up here.
Unknown command.
You feel sick. The killer bee misses you. The killer bee stings you.
You are more poisoned.
The killer bee poisons you! The killer bee barely misses you.
The centaur shoots an arrow.
The arrow closely misses you.
The killer bee stings you but does no damage.
You climb upwards.
You feel very sick.
There is a stone staircase leading down here.
Unknown command.
Casting: Ensorcelled Hibernation (safe; 1% risk of failure)
Confirm with . or Enter, or press ? or * to list all spells.
Aiming: Ensorcelled Hibernation (safe; 1% risk of failure)
Press: ? - help, Shift-Dir - straight line, f - killer bee
Aim: a killer bee (chance to affect: 64%)
The killer bee resists with significant effort.
You feel sick. The killer bee misses you. The killer bee stings you!
You are more poisoned.
The killer bee poisons you! The killer bee barely misses you.
The killer bee misses you.
You feel sick.
You closely miss the killer bee.
You feel sick.
The killer bee closely misses you. x2; The killer bee misses you.
You hit the killer bee.
The killer bee is poisoned.
The killer bee is moderately wounded.
You feel sick. The killer bee barely misses you. The killer bee stings you!
* * * LOW HITPOINT WARNING * * *
You are more poisoned.
The killer bee poisons you! The killer bee closely misses you.
Unknown command.
It was a potion of haste.
You feel yourself speed up.
* * * LOW HITPOINT WARNING * * *
You feel very sick. The killer bee misses you.
The killer bee barely misses you. The killer bee stings you.
You die...

.###......########.#
.# ###.#.## #.# .#
#.#.# #.# .#####.#.#
#.# ..##.....# #.#
#.##.###.### #.#
#.##.# #...# #.#
#.##.###.#.#######.#
#.##..........##@y.#
..)...........##y###
..########.#####.#
..# #.# #.# ..# #.#
#.# ..########.# #.#
...........# #.#
..#######..#####.#
....# #........#


You could see 2 killer bees.

Vanquished Creatures
  An unseen horror (D:6)
  5 yaks (D:8)
  Eustachio (D:5)
  A water moccasin (D:5)
  Duvessa (D:5)
  A sky beast (D:8)
  2 black bears (D:6)
  2 ogres (D:5)
  2 orc warriors
  2 centaurs
  4 necrophages (D:8)
  The ghost of Necrophagist the Insei, an amateur OpTm (D:3)
  3 kobold brigands
  A wyvern zombie (D:8)
  3 scorpions
  Dowan (D:5)
  A water moccasin skeleton (D:5)
  13 killer bees
  4 wights (D:6)
  3 orc priests (D:7)
  A gnoll shaman (D:6)
  3 iron imps (D:3)
  Jessica (D:3)
  A centaur skeleton (D:4)
  2 iguanas
  4 orc wizards
  2 killer bee zombies
  A hound zombie (D:5)
  A howler monkey zombie (D:8)
  11 gnolls
  3 adders
  2 shadow imps
  2 white imps
  An ufetubus (D:4)
  2 adder skeletons (D:4)
  A worm (D:3)
  A dart slug (D:1)
  30 orcs
  3 bats
  5 endoplasms
  7 giant cockroaches
  4 hobgoblins
  3 quokkas
  11 ball pythons
  3 frilled lizards
  4 goblins
  16 kobolds
  2 rats (D:1)
179 creatures vanquished.

Vanquished Creatures (collateral kills)
  2 ogres (D:5)
  A wight (D:6)
  An orc priest (D:7)
  A centaur skeleton (D:4)
  Crazy Yiuf (D:4)
  4 gnolls
10 creatures vanquished.

Vanquished Creatures (others)
  6 dancing weapons
  2 orcs (D:7)
  7 bushes (D:8)
  4 fungi (D:8)
  26 plants
  4 withered plants (D:1)
49 creatures vanquished.

Grand Total: 238 creatures vanquished

Notes
Turn   | Place    | Note
-------+----------+-------------------------------------------
     0 | D:1      | enfeo the Spriggan Enchanter began the quest for the Orb.
     0 | D:1      | Reached XP level 1. HP: 9/9 MP: 5/5
   195 | D:1      | Reached XP level 2. HP: 13/13 MP: 7/7
   198 | D:1      | Learned a level 2 spell: Ensorcelled Hibernation
   302 | D:1      | Found Zeupt's Book Emporium.
   340 | D:1      | Found a faded altar of an unknown god.
   870 | D:1      | Reached XP level 3. HP: 16/16 MP: 9/9
   874 | D:1      | Learned a level 3 spell: Tukima's Dance
   878 | D:1      | Learned a level 3 spell: Dazzling Flash
  1895 | D:3      | Found a shimmering altar of Xom.
  2393 | D:3      | Found a burning altar of Makhleb.
  2541 | D:3      | Reached skill level 5 in Hexes
  2541 | D:3      | Reached XP level 4. HP: 11/21 MP: 11/11
  2568 | D:3      | Noticed a kobold brigand
  2578 | D:3      | Killed a kobold brigand
  2579 | D:3      | Reached skill level 5 in Spellcasting
  2579 | D:3      | Reached XP level 5. HP: 7/24 MP: 7/13
  2765 | D:3      | Found Uttecsa's Weapon Emporium.
  3077 | D:3      | Noticed Jessica
  3094 | D:3      | Killed Jessica
  3095 | D:3      | Reached skill level 5 in Stealth
  3270 | D:3      | Found a runed translucent door.
  3270 | D:3      | Noticed Necrophagist's ghost (amateur OpTm)
  3277 | D:3      | Killed Necrophagist's ghost
  3278 | D:3      | Reached XP level 6. HP: 27/28 MP: 13/15
  3318 | D:3      | Found a white marble altar of Elyvilon.
  3750 | D:4      | Identified a scroll of acquirement
  3750 | D:4      | Acquired 1157 gold pieces
  4042 | D:4      | Reached skill level 6 in Stealth
  4698 | D:4      | Reached XP level 7. HP: 23/32 MP: 17/17
  5017 | D:4      | Found a staircase to the Ecumenical Temple.
  5031 | Temple   | Entered the Ecumenical Temple
  5210 | D:4      | Found a runed translucent door.
  5211 | D:4      | Noticed Crazy Yiuf
  5222 | D:4      | Killed Crazy Yiuf
  5371 | D:5      | Entered Level 5 of the Dungeon
  5419 | D:5      | Noticed Dowan
  5459 | D:5      | Reached skill level 7 in Stealth
  5887 | D:5      | Found a transporter.
  5888 | D:5      | Noticed paps's ghost (weakling OpDe)
  5889 | D:5      | Identified the +1 dire flail of Agony {vorpal, Fly}
  5900 | D:5      | Found a transporter.
  5908 | D:5      | Noticed Eustachio
  5914 | D:5      | Reached skill level 8 in Stealth
  5925 | D:5      | Killed Eustachio
  5926 | D:5      | Reached XP level 8. HP: 36/36 MP: 18/20
  6245 | D:5      | Noticed Duvessa
  6270 | D:5      | Killed Duvessa
  6272 | D:5      | Killed Dowan
  6273 | D:5      | Reached skill level 9 in Stealth
  6668 | D:5      | Found a hazy altar of Hepliaklqana.
  7060 | D:6      | Noticed an unseen horror
  7078 | D:6      | Killed an unseen horror
  7079 | D:6      | Reached skill level 10 in Stealth
  7368 | D:6      | Found a bloodstained altar of Trog.
  7400 | D:6      | Reached XP level 9. HP: 17/39 MP: 8/22
  7947 | D:6      | Found an iron altar of Okawaru.
  8138 | D:6      | Reached skill level 11 in Stealth
  8456 | D:7      | HP: 1/39 [orc priest/divine providence (11)]
  8855 | D:7      | Reached skill level 10 in Hexes
  9265 | D:7      | Reached skill level 10 in Spellcasting
  9535 | D:7      | Found an ornate altar of the Wu Jian Council.
  9884 | D:8      | Found Rynuav's Assorted Antiques.
  9892 | D:8      | Bought a scroll of identify for 70 gold pieces
  9892 | D:8      | Bought 2 sedimented coppery potions for 63 gold pieces
  9892 | D:8      | Bought a scroll of identify for 70 gold pieces
  9892 | D:8      | Bought a potion of curing for 105 gold pieces
  9896 | D:8      | Gained mutation: You are frail. (-10% HP) [potion of
                  | mutation]
  9896 | D:8      | Gained mutation: Your spells are a little easier to cast,
                  | but a little less powerful. [potion of mutation]
  9896 | D:8      | Gained mutation: You are agile. (Dex +2) [potion of
                  | mutation]
  9899 | D:8      | Lost mutation: Your spells are a little easier to cast, but
                  | a little less powerful. [potion of mutation]
  9899 | D:8      | Lost mutation: You are agile. (Dex +2) [potion of mutation]
  9899 | D:8      | Lost mutation: You are frail. (-10% HP) [potion of
                  | mutation]
  9899 | D:8      | Gained mutation: You are partially covered in iridescent
                  | scales. (AC +2) [potion of mutation]
  9964 | D:8      | Reached skill level 12 in Stealth
 10171 | D:8      | Reached XP level 10. HP: 44/44 MP: 25/25
 10813 | D:8      | Found a staircase to the Lair.
 11008 | D:8      | Reached skill level 13 in Stealth
 11173 | D:8      | Found a blossoming altar of Fedhas.
 11961 | D:8      | HP: 2/44 [poisoned by a killer bee]
 11961 | D:8      | Slain by a killer bee

Illustrated notes

Levels and vault maps discovered:
D:1:      matt_arrival_diagonals, layout_basic,
          ebering_ecumenical_altar_petrified, serial_shops, shop
D:2:      layout_loops_ring
D:3:      layout_basic, demons_altar, mainiacjoe_overflow_alcove_1,
          elyvilon_altar_4, gammafunk_ghost_grave, serial_shops,
          nicolae_shop_crystal, kennysheep_jessica_study
D:4:      layout_gridville, minmay_temple_entry_gardened_gates,
          uniq_crazy_yiuf_cottage
D:5:      layout_cave_pods, kennysheep_little_box, gammafunk_ghost_smash,
          uniq_eustachio, uniq_duvessa
D:6:      layout_loops_ring, bloody_trog, mainiacjoe_overflow_brackets
D:7:      layout_rooms, mainiacjoe_overflow_small_starburst,
          corexii_hall_statues_i
D:8:      layout_loops_ring, fedhas_altar_decomposition, dpeg_oklobed_lair,
          serial_shops, nicolae_shop_crystal
D:9:      layout_irregular_city, orc_0_dummy, billiards_dpeg
Temple:   cyrus_circular_temple

Skill      XL: |  1  2  3  4  5  6  7  8  9 10 |
---------------+-------------------------------+-----
Spellcasting   | 3 4 5 6 7 8 10 | 10.9
Hexes          | 4 5 6 7 9 10 11 | 11.2
Stealth        | 5 6 8 10 12 13 | 13.1
Dodging        | 3 |  3.4
Short Blades   | 2 |  2.0
Fighting       | |  0.9

Action                   |  1- 3 |  4- 6 |  7- 9 | 10-12 || total
-------------------------+-------+-------+-------+-------++-------
Melee: Dagger            |   105 |    97 |   277 |    99 ||   578
       Short sword       |       |       |    11 |    33 ||    44
 Cast: Ensorcelled Hiber |    10 |     9 |    46 |    14 ||    79
       Dazzling Flash    |       |     1 |     3 |       ||     4
       Tukima's Dance    |       |     5 |    26 |       ||    31
Evoke: Wand              |       |       |     7 |       ||     7
  Use: Scroll            |     9 |     1 |    13 |     3 ||    26
       Potion            |       |     1 |     6 |     7 ||    14
 Stab: Sleeping          |    16 |    10 |    35 |    11 ||    72
       Invisible         |       |       |     1 |     1 ||     2
       Distracted        |       |       |     1 |       ||     1
Armor: Robe              |     6 |     8 |    24 |    20 ||    58
Dodge: Dodged            |    74 |    83 |   220 |   163 ||   540

Table legend: (Time is in decaauts)
 A = Elapsed time spent in this place.
 B = Non-inter-level travel time spent in this place.
 C = Inter-level travel time spent in this place.
 D = Time resting spent in this place.
 E = Time spent auto-exploring this place.
 F = Levels seen in this place.
 G = Mean time per level.
                   A        B        C        D        E       F      G
               +--------+--------+--------+--------+--------+-----+--------+
         Total |   9683 |   9476 |    207 |   1369 |   6550 |  10 |  968.3 |
       Dungeon |   9651 |   9450 |    201 |   1369 |   6530 |   9 | 1072.3 |
        Temple |     31 |     26 |      5 |      0 |     20 |   1 |   31.0 |
               +--------+--------+--------+--------+--------+-----+--------+

Top non-repeatable levels by time:
     D:3: 1864 daAuts
     D:8: 1742 daAuts
     D:5: 1279 daAuts
     D:7: 1209 daAuts
     D:6: 1200 daAuts
     D:4: 973 daAuts
     D:1: 698 daAuts
     D:2: 651 daAuts
     D:9: 32 daAuts
  Temple: 31 daAuts
